 Dungeon Crawl Stone Soup version 0.27.1-33-g824d729ab1 (webtiles) character file.

Game seed: 257029511587548231

152 Atelerd the Sneak (level 5, -2/31 HPs)
             Began as an Octopode Earth Elementalist on Dec 20, 2021.
             Slain by a phantom (6 damage)
             ... on level 4 of the Dungeon.
             The game lasted 00:03:40 (3471 turns).

Atelerd the Sneak (Octopode Earth Elementalist)     Turns: 3471, Time: 00:03:40

Health: -2/31      AC:  1    Str:  7    XL:     5   Next: 34%
Magic:  7/9        EV: 13    Int: 18    God:
Gold:   287        SH:  0    Dex: 13    Spells: 8/9 levels left

rFire    + . .     SeeInvis .   c - +0 dagger (venom)
rCold    . . .     Faith    .   (no shield)
rNeg     . . .     Spirit   .   a - +0 hat
rPois    .         Reflect  .   (no amulet)
rElec    .         Harm     .   j - ring of protection from fire
rCorr    .         Rampage  .   (no ring)
Will     .....                  (no ring)
Stlth    +++++.....             (no ring)
HPRegen  0.10/turn              (no ring)
MPRegen  0.11/turn              (no ring)
                                (no ring)
                                (no ring)

@: no status effects
A: almost no armour, amphibious, 8 rings, camouflage 1, gelatinous body 1,
nimble swimmer 1, tentacles
a: no special abilities


You were on level 4 of the Dungeon.
You visited 1 branch of the dungeon, and saw 4 of its levels.

You collected 287 gold pieces.

Inventory:

Hand Weapons
 c - a +0 dagger of venom (weapon)
Missiles
 b - 83 stones
Armour
 a - a +0 hat (worn)
 i - a +0 buckler
Jewellery
 j - a ring of protection from fire (left tentacle)
Scrolls
 d - 5 scrolls of identify {unknown}
 g - a scroll of fog {unknown}
Potions
 e - 3 potions of heal wounds {unknown}
 f - a potion of brilliance {unknown}
 h - 2 potions of berserk rage {unknown}
 k - a potion of might {unknown}


   Skills:
 - Level 2.0 Dodging
 * Level 5.2 Stealth
 + Level 2.7 Spellcasting
 + Level 2.2 Transmutations
 + Level 3.7 Earth Magic


You had 8 spell levels left.
You knew the following spells:

 Your Spells              Type           Power      Damage    Failure   Level
a - Sandblast             Erth           32%        2d9       3%          1

Your spell library contained the following spells:

 Spells                   Type           Power      Damage    Failure   Level
 Passwall                 Tmut/Erth      10%        N/A       8%          2
 Stone Arrow              Conj/Erth      18%        3d8       24%         3
 Petrify                  Tmut/Erth      13%        N/A       43%         4


Dungeon Overview and Level Annotations

Branches:
Dungeon (4/15)
 Temple: D:4-7

Altars:
Cheibriados
Okawaru

Shops:
D:1 [

Annotations:
D:2 1 runed translucent door, Crazy Yiuf


Innate Abilities, Weirdness & Mutations

You cannot wear most types of armour.
You are amphibious.
You can wear up to eight rings at the same time.
Your skin changes colour to match your surroundings (Stealth+).
Your rubbery body absorbs attacks. (AC +1, EV +1)
You are camouflaged near water. (Stealth+)
You have tentacles for arms and can constrict up to eight enemies at once.


Message History

You are too injured to fight recklessly!
Unknown command.
You are too injured to fight recklessly!
You are too injured to fight recklessly!
You are too injured to fight recklessly!
Unknown command.
Things that are here:
a +0 club; 4 stones; a kobold corpse The blast of sand hits the phantom.
The phantom is lightly damaged.
The phantom hits you.
The phantom blinks!
You blink.
Casting: Sandblast (safe; 3% risk of failure)
Confirm with . or Enter, or press ? or * to list all spells.
Aiming: Sandblast (safe; 3% risk of failure)
Press: ? - help, Shift-Dir - straight line, f/p - phantom
Aim: a phantom (lightly damaged, 71% to hit)
Okay, then.
Things that are here:
a +0 club; 4 stones; a kobold corpse You are too injured to fight recklessly!
You are too injured to fight recklessly!
Casting: Sandblast (safe; 3% risk of failure)
Confirm with . or Enter, or press ? or * to list all spells.
Aiming: Sandblast (safe; 3% risk of failure)
Press: ? - help, Shift-Dir - straight line, f/p - phantom
Aim: a phantom (water, 71% to hit)
The blast of sand hits the phantom.
The phantom is moderately damaged.
The phantom hits you!
* * * LOW HITPOINT WARNING * * *
Unknown command.
Casting: Sandblast (safe; 3% risk of failure)
Confirm with . or Enter, or press ? or * to list all spells.
Aiming: Sandblast (safe; 3% risk of failure)
Press: ? - help, Shift-Dir - straight line, f/p - phantom
Aim: a phantom (water, moderately damaged, 71% to hit)
The blast of sand hits the phantom!
The phantom is severely damaged.
The phantom hits you.
You die...

........#
..†...#
....#.#
....#.#
....#.#
###...#
###.# ###
####.# #≈#
#....# #@#
#.####
##W##
#.#######
##.≈.#
#.......#
#..≈.#
.#..####>#
##..≈.#
.#..# #.#
#..#≈#...#
.#..# #.#
#.##≈#####
....# #.#
#.####
...## #.#
#.#


You could see a phantom.

Vanquished Creatures
  A scorpion (D:4)
  A mummy (D:3)
  2 adders (D:2)
  A worm (D:2)
  3 dart slugs
  An orc (D:3)
  6 bats
  2 endoplasms (D:2)
  3 giant cockroaches
  4 goblins
  4 hobgoblins
  4 jackals (D:1)
  3 quokkas
  9 ball pythons
  4 frilled lizards (D:2)
  5 kobolds
  2 rats
55 creatures vanquished.

Vanquished Creatures (others)
  A fungus (D:4)
  5 toadstools (D:4)
6 creatures vanquished.

Grand Total: 61 creatures vanquished

Notes
Turn   | Place    | Note
-------+----------+-------------------------------------------
     0 | D:1      | Atelerd the Octopode Earth Elementalist began the quest for
                  | the Orb.
     0 | D:1      | Reached XP level 1. HP: 11/11 MP: 3/3
   203 | D:1      | Found Zifiech's Armour Shop.
   227 | D:1      | Reached skill level 3 in Stealth
   484 | D:1      | Reached XP level 2. HP: 17/17 MP: 5/5
   837 | D:1      | Found a faded altar of an unknown god.
   992 | D:1      | Reached XP level 3. HP: 11/21 MP: 2/6
  1521 | D:2      | Reached skill level 4 in Stealth
  1823 | D:2      | Reached XP level 4. HP: 27/27 MP: 7/7
  2227 | D:2      | Found a runed translucent door.
  2228 | D:2      | Noticed Crazy Yiuf
  3105 | D:3      | Found a snail-covered altar of Cheibriados.
  3195 | D:4      | Found an iron altar of Okawaru.
  3363 | D:4      | Noticed a scorpion
  3370 | D:4      | Killed a scorpion
  3371 | D:4      | Reached skill level 5 in Stealth
  3371 | D:4      | Reached XP level 5. HP: 31/31 MP: 7/9
  3437 | D:4      | Noticed a phantom
  3471 | D:4      | Slain by a phantom

Illustrated notes

Levels and vault maps discovered:
D:1:      minmay_arrival_plants_in_alcoves, layout_basic, serial_shops,
          nicolae_diamond_shop, hellmonk_ecumenical_altar_blasted
D:2:      layout_basic, minmay_vboxes, uniq_crazy_yiuf_cottage
D:3:      layout_basic, slow_altar_2
D:4:      layout_loops_ring, okawaru_trees_1, nicolae_ashenzari_panopticon,
          roderic_serpentine_path, chequers_serial_rivers_micro_a,
          minmay_gold_behind_fungi, nicolae_shop_sticking_my_neck_out

Skill      XL: |  1  2  3  4 |
---------------+-------------+-----
Stealth        | 3 4 5 |  5.2
Transmutations | 2 |  2.2
Dodging        | |  2.0
Spellcasting   | |  2.7
Earth Magic    | |  3.7

Action                   |  1- 3 |  4- 6 || total
-------------------------+-------+-------++-------
Melee: Unarmed           |     8 |       ||     8
       Dagger            |    53 |    39 ||    92
       Tentacles         |     8 |     4 ||    12
       Constrict         |    12 |    10 ||    22
 Cast: Sandblast         |    14 |     7 ||    21
 Stab: Sleeping          |     9 |     9 ||    18
Armor: Skin              |     6 |     1 ||     7
Dodge: Dodged            |    52 |    18 ||    70
